[Event "Early-Titled-Tuesday-Blitz-November-28-2023"]
[Site "Chess.com"]
[Date "2023.11.28"]
[Round "7"]
[White "Igor_Lysyj"]
[Black "h4parah5"]
[Result "0-1"]
[WhiteElo "2815"]
[BlackElo "2941"]
[TimeControl "180+1"]
[EndTime "9:25:30 PST"]
[Termination "h4parah5 won by checkmate"]

1. d4 Nf6 2. c4 g6 3. Nc3 Bg7 4.
e4 O-O 5. Nf3 d6 6. Be3 Nbd7 7.
Be2 e5 8. O-O c6 9. Qc2 Qe7 10.
Rad1 a6 11. d5 c5 12. Bg5 h6 13.
Bc1 Re8 14. Rfe1 Nf8 15. g3 b6 16. Nh4 h5 17. f3 N6h7 18. Ng2 Ng5 19. Rf1 Nh3+ 20.
Kh1 Nh7 21. Bd3 Bd7 22. a4 a5 23. Rde1 Nf6 24. Nb5 Rf8 25. Nh4 Nh7 26. Qg2 Bf6 27. Bh6 Rfd8 28. b3 Kh8 29. Bc1 Rg8 30. Bc2 Bxh4 31.
gxh4 g5 32. hxg5 N7xg5 33. Qe2 Rg6 34. f4 Bg4 35. Qd3 Nxf4 36. Bxf4 exf4 37. Rxf4 Rag8 38. Qc3+ Kh7 39. Ref1 Kh6 40. e5 dxe5 41. Bxg6 exf4 42. Bb1 Bh3 43. Re1 Qd8 44. d6 Qa8+ 45. Be4 Nxe4 46. Qf3 Nf2# 0-1

[Event "Early-Titled-Tuesday-Blitz-November-28-2023"]
[Site "Chess.com"]
[Date "2023.11.28"]
[Round "7"]
[White "KononenkoD"]
[Black "lefonghua"]
[Result "0-1"]
[WhiteElo "2520"]
[BlackElo "2713"]
[TimeControl "180+1"]
[EndTime "9:25:31 PST"]
[Termination "lefonghua won by resignation"]

1. d4 Nf6 2. c4 c5 3. Nf3 g6 4. d5 Bg7 5. Nc3 O-O 6. g3 d6 7. Bg2 e6 8. O-O exd5 9. cxd5 a6 10. a4 Re8 11. Bf4 Ne4 12. Nxe4 Rxe4 13. Nd2 Rb4 14. e4 Qe7 15. Rb1 b5 16. b3 Nd7 17. Qc2 Ne5 18. Nf3 Nxf3+ 19. Bxf3 bxa4 20. bxa4 Rab8 21. Bd2 Rb2 22. Rxb2 Rxb2 23. Qc1 Bd7 24. Bc3 Bxc3 25. Qxc3 Rb4 26. a5 Bb5 27. Re1 f6 28. Bg4 Qe5 29.
Be6+ Kg7 30. Qe3 Ra4 31. f4 Qd4 32. Qxd4 Rxd4 33. e5 fxe5 34. fxe5 dxe5 35. Rxe5 c4 36. Re3 Rd2 37. Rc3 Kf6 38. Bg8 h5 39. h4 Ke5 40.
Rc1 Kd4 41. d6 c3 42. Bb3 Kd3 43. Rf1 c2 44. Rf3+ Ke4 45. Rf4+ Ke5 46. Bxc2 Rxc2 47. Rf7 Rd2 48. Ra7 Rxd6 49. Kf2 Kf6 50. Ke3 Rd3+ 51.
Kf4 Ra3 52. Rb7 Ra4+ 53. Kf3 Bc6+ 0-1

[Event "Early-Titled-Tuesday-Blitz-November-28-2023"]
[Site "Chess.com"]
[Date "2023.11.28"]
[Round "7"]
[White "Kotofeyca"]
[Black "Sofia_Blokhin"]
[Result "1-0"]
[WhiteElo "2446"]
[BlackElo "2265"]
[TimeControl "180+1"]
[EndTime "9:25:31 PST"]
[Termination "Kotofeyca won on time"]

1. d4 f5 2. g3 Nf6 3. Bg2 g6 4. Nd2 Bg7 5. e4 fxe4 6. Nxe4 O-O 7. f4 d6 8. Nxf6+ Bxf6 9. Nf3 Bg4 10. h3 Be6 11.
O-O Bc4 12. Re1 Re8 13. b3 Bf7 14. Bb2 c5 15. Qd2 Nc6 16. c4 cxd4 17. Nxd4 Qb6 18. Bxc6 bxc6 19. Kh2 e5 20. Nf3 e4 21. Bxf6 exf3 22. Bd4 c5 23. Bb2 d5 24. cxd5 c4 25. bxc4 g5 26. f5 Rab8 27. Bd4 Qd6 28. Qxg5+ Bg6 29.
fxg6 hxg6 30. Qh6 Re7 31. Qh8+ Kf7 32. Qg7+ Ke8 33. Rxe7+ Qxe7 34. Qxg6+ Kf8 35. Qf5+ Ke8 36. Qe6 Qxe6 37. dxe6 Ke7 38. Kg1 Kxe6 39. Kf2 Rc8 40.
Rc1 Rb8 41. Kxf3 Rf8+ 42. Ke3 Re8 43. Kd3 Rd8 44. c5 Kd5 45. c6 Rf8 46. c7 Rf3+ 47.
Be3 Rf8 48. c8=Q Rxc8 49. Rxc8 1-0

[Event "Early-Titled-Tuesday-Blitz-November-28-2023"]
[Site "Chess.com"]
[Date "2023.11.28"]
[Round "7"]
[White "crazy_m_attack"]
[Black "Sconko"]
[Result "1-0"]
[WhiteElo "2437"]
[BlackElo "2234"]
[TimeControl "180+1"]
[EndTime "9:25:33 PST"]
[Termination "crazy_m_attack won by resignation"]

1. e4 c5 2. Nf3 d6 3. d4 cxd4 4.
Nxd4 Nf6 5. Nc3 a6 6. f3 e5 7. Nb3 Be7 8. Be3 Be6 9. Qd2 Nbd7 10. O-O-O O-O 11. g4 b5 12. g5 b4 13. gxf6 bxc3 14.
Qxc3 Nxf6 15. Na5 Qd7 16. Nc6 Rfc8 17. Nxe7+ Qxe7 18. Qa5 Rc6 19. Rg1 Qb7 20. Rg2 Rac8 21. c3 d5 22. Bg5 Rc5 23. Qxa6 Qc7 24. Bxf6 d4 25. Rxg7+ Kf8 26. Qa3 Qd6 27. Kb1 Bxa2+ 28. Qxa2 Qxf6 29. cxd4 exd4 30. Rg1 Qh6 31. Bd3 Qe3 32. Qb3 Qf2 33. Rgf1 Qe3 34. Bc2 Qf4 35. Bd3 Rb8 36. Qa3 Qe5 37. Rc1 Rc8 38. Rxc5 Qxc5 39. Rc1 Qxa3 40. Rxc8+ 1-0

[Event "Early-Titled-Tuesday-Blitz-November-28-2023"]
[Site "Chess.com"]
[Date "2023.11.28"]
[Round "7"]
[White "kuli4ik"]
[Black "LiemLe"]
[Result "0-1"]
[WhiteElo "2872"]
[BlackElo "3133"]
[TimeControl "180+1"]
[EndTime "9:25:34 PST"]
[Termination "LiemLe won by checkmate"]

1. Nf3 c5 2. e3 g6 3. d4 Bg7 4. d5 Nf6 5. Nc3 O-O 6. Bc4 d6 7.
h3 a6 8. a4 Nbd7 9. O-O Rb8 10.
e4 Ne8 11. Bf4 Nc7 12. a5 b5 13. axb6 Nxb6 14. Be2 Nb5 15. Nxb5 axb5 16. c3 Bd7 17.
Re1 Qc7 18. Qd2 Ra8 19. Bh6 Rfb8 20. Bxg7 Kxg7 21. Bf1 f6 22. h4 h5 23. Reb1 Ra4 24.
Qe1 Rba8 25. b3 Ra2 26. Rxa2 Rxa2 27. Qe3 Qa7 28. b4 c4 29. Nd4 Ra3 30. Rc1 Kh7 31. Be2 Na4 32. Qd2 Nb6 33. f4 Ra1 34. Kh2 Qa2 35. Rc2 Qb1 36. Kg3 Na4 37. f5 Qh1 38. fxg6+ Kxg6 39. Nf3 Bg4 40. Qf4 Ra3 41. Nd4 Nxc3 42.
Bf3 Qe1+ 43. Kh2 Qxh4+ 44. Kg1 Ra1+ 45. Rc1 Rxc1+ 46. Qxc1 Bxf3 47. Qxc3 Bxe4 48. Qe3 Qg4 49. Ne2 Qxg2# 0-1

[Event "Early-Titled-Tuesday-Blitz-November-28-2023"]
[Site "Chess.com"]
[Date "2023.11.28"]
[Round "7"]
[White "lluiss"]
[Black "SimplyDevina"]
[Result "0-1"]
[WhiteElo "2213"]
[BlackElo "2386"]
[TimeControl "180+1"]
[EndTime "9:25:35 PST"]
[Termination "SimplyDevina won on time"]

1. Nf3 d5 2. d4 Nf6 3. c4 e6 4. cxd5 exd5 5. Nc3 c6 6. Qc2 Bd6 7. Bg5 O-O 8. e3 h6 9. Bh4 Nbd7 10. Bd3 Qc7 11. Bg3 a6 12. Rb1 Re8 13. b4 Nf8 14.
Bxd6 Qxd6 15. O-O Bd7 16. Na4 Ne4 17. Nc5 Nxc5 18. bxc5 Qc7 19. Rb2 Bg4 20. Ne5 Be6 21. Rfb1 Re7 22. Rb3 Rae8 23. h3 Bc8 24. Bf5 Ne6 25.
Bh7+ Kh8 26. Bf5 Nxc5 27. dxc5 Qxe5 28. Bxc8 Rxc8 29. Rxb7 Rxb7 30. Rxb7 Qa1+ 31. Kh2 Qe5+ 32. g3 Kg8 33. Qb2 Qe4 34. Qd4 Qc2 35. Rb2 Qf5 36. Kg2 Re8 37. Qf4 Qg6 38. Rb4 Rd8 39. Qc7 Re8 40.
Qf4 Qe6 41. Qf3 g6 42. Rb7 Kg7 43. Qf4 g5 44. Qd4+ Kg8 45. Ra7 a5 46. Rxa5 Qf5 47. Ra7 Qe6 48. Qc3 h5 49. Kh2 Qf5 0-1

[Event "Early-Titled-Tuesday-Blitz-November-28-2023"]
[Site "Chess.com"]
[Date "2023.11.28"]
[Round "7"]
[White "Azerichess"]
[Black "Rud_Makarian"]
[Result "0-1"]
[WhiteElo "3038"]
[BlackElo "3000"]
[TimeControl "180+1"]
[EndTime "9:25:38 PST"]
[Termination "Rud_Makarian won by resignation"]

1. Nf3 Nf6 2. c4 e6 3. b3 d5 4. e3 b6 5. Bb2 Bb7 6. cxd5 exd5 7. g3 Nbd7 8. Bg2 Bd6 9. Nd4 g6 10. O-O O-O 11. Nc3 a6 12. Nde2 Rb8 13. Nf4 d4 14. exd4 Bxf4 15. Bxb7 Rxb7 16. Qf3 Bxg3 17. fxg3 Rb8 18. d5 Qe7 19. Rae1 Qd6 20. d3 Rbe8 21. Ne4 Nxe4 22. dxe4 f6 23. Rc1 Nc5 24. Rfe1 a5 25. Bd4 Rf7 26. Rc4 Nd7 27.
Qf4 Ne5 28. Rc3 c5 29. Bxe5 Rxe5 30. Rce3 Kg7 31. a4 Rfe7 32. Kg2 h5 33. Qf3 Rf7 34. Qf4 Rfe7 35. Qf3 Rf7 36. h3 Rfe7 37. h4 Rf7 38. Qf4 Rfe7 39. Qf3 Rf7 40. R1e2 Rfe7 41. Qf4 Rf7 42. Kg1 Rfe7 43. Kh1 Rf7 44. g4 Rxd5 45. Qxd6 Rxd6 46. gxh5 gxh5 47. Rg2+ Kh7 48. Rf2 Re6 49. Kh2 Rfe7 50. Rf4 Kg6 51. Rg3+ Kf7 52. Rf5 Re5 53. Rgf3 Rxf5 54. Rxf5 Rxe4 55. Rxh5 Rb4 56. Rh7+ Kg6 0-1

[Event "Early-Titled-Tuesday-Blitz-November-28-2023"]
[Site "Chess.com"]
[Date "2023.11.28"]
[Round "7"]
[White "bazar-wokzal"]
[Black "nitpicker"]
[Result "1-0"]
[WhiteElo "2634"]
[BlackElo "2338"]
[TimeControl "180+1"]
[EndTime "9:25:39 PST"]
[Termination "bazar-wokzal won by checkmate"]

1. e4 c5 2. c3 e6 3. d4 d5 4. e5 Qb6 5. Nf3 Bd7 6. a3 Bb5 7. c4 Bxc4 8. Bxc4 dxc4 9. d5 exd5 10. Qxd5 Ne7 11. Qxc4 Nd7 12. O-O h6 13. Re1 O-O-O 14. Qxf7 Qg6 15. Qxg6 Nxg6 16. e6 Nf6 17. Nc3 Bd6 18.
Nb5 Bb8 19. Be3 a6 20. Nc3 b6 21. b4 cxb4 22. axb4 Kb7 23. Na4 Bc7 24. Rac1 Rd6 25.
Nd4 Ne7 26. Nc3 Rhd8 27. Rcd1 Ng4 28. Ne4 Rd5 29. Nc3 Nxe3 30. fxe3 Re5 31. Rd3 Nf5 32. Kf2 Rxe6 33. Nxe6 Rxd3 34. Ne4 Be5 35. g4 Nd6 36. Kf3 Rb3 37. Nxd6+ Bxd6 38. Nxg7 Rxb4 39. Nf5 Bf8 40. h4 a5 41. g5 hxg5 42. hxg5 a4 43. g6 Rb5 44. e4 a3 45. g7 Bxg7 46. Nxg7 Rb3+ 47. Kf4 b5 48. e5 b4 49. e6 a2 50.
e7 Rb1 51. e8=Q a1=Q 52. Re7+ Kb6 53. Qb8+ Kc5 54. Rc7+ Kd4 55. Qd8# 1-0

[Event "Early-Titled-Tuesday-Blitz-November-28-2023"]
[Site "Chess.com"]
[Date "2023.11.28"]
[Round "7"]
[White "Rsnr"]
[Black "Pastore1978"]
[Result "1-0"]
[WhiteElo "2905"]
[BlackElo "2489"]
[TimeControl "180+1"]
[EndTime "9:25:41 PST"]
[Termination "Rsnr won by resignation"]

1. d4 d5 2. Nf3 Nf6 3. c4 e6 4. e3 c6 5. b3 Nbd7 6. Bd3 Bd6 7.
O-O O-O 8. Bb2 b6 9. Nbd2 Bb7 10.
Qe2 Qe7 11. Ne5 c5 12. Rfd1 Rfd8 13. Rac1 Rac8 14. h3 h6 15. cxd5 exd5 16. Bf5 Rc7 17. Nxd7 Nxd7 18. dxc5 Nxc5 19. Nf3 Ne4 20. Rxc7 Bxc7 21.
Qc2 Bc8 22. Bxe4 dxe4 23. Rxd8+ Qxd8 24. Nd4 Qd6 25. g3 Bxh3 26. Qxe4 Bd8 27. Qe8+ Kh7 28.
Qxf7 Qg6 29. Qxg6+ Kxg6 30. Nc6 Bc7 31. Nxa7 Bd7 32. Bd4 Kf7 33. e4 g5 34. a4 Ke6 35. Nb5 Bxb5 36. axb5 Kd6 37. f3 h5 38. Kg2 Ke6 39. Be3 Bd8 40. f4 g4 41.
Bd4 Kf7 42. f5 Ke7 43. e5 Kf7 44. e6+ Ke7 45. Be5 Kf8 46. Bd6+ Ke8 47. Kf2 Bf6 48.
Ke3 Be5 49. Bxe5 h4 50. gxh4 g3 51. Bxg3 1-0

[Event "Early-Titled-Tuesday-Blitz-November-28-2023"]
[Site "Chess.com"]
[Date "2023.11.28"]
[Round "7"]
[White "MightyGMpretender"]
[Black "jens1102"]
[Result "1-0"]
[WhiteElo "2822"]
[BlackElo "2624"]
[TimeControl "180+1"]
[EndTime "9:25:42 PST"]
[Termination "MightyGMpretender won by resignation"]

1. Nf3 Nf6 2. g3 g6 3. Bg2 Bg7 4. O-O O-O 5. d3 d5 6. Nbd2 Nc6 7. c4 dxc4 8. Nxc4 Nd5 9. a3 Nb6 10. Qc2 Nxc4 11. dxc4 e5 12. Be3 f6 13. b4 Bf5 14.
Qb3 Be6 15. Rfd1 Qe8 16. Rac1 b5 17. Nd2 Rd8 18. Qb2 Nd4 19. Bxd4 Rxd4 20. cxb5 Qxb5 21.
Nb3 Rxd1+ 22. Rxd1 f5 23. Qc2 e4 24. e3 Qa4 25. Nd4 Qxc2 26. Nxc2 Bb3 27. Rc1 Rd8 28. Bf1 Bb2 29. Rb1 Bxc2 30. Rxb2 Ba4 31. Be2 Kf7 32. Kf1 Ke6 33. Ke1 Ke5 34. Rd2 Rd5 35. Bc4 Rxd2 36. Kxd2 Kd6 37. Kc3 c5 38. h4 cxb4+ 39. Kxb4 Bd1 40.
Bg8 h6 41. Bh7 Bh5 42. Kb5 Kc7 43. Kc5 a6 44. a4 Kd7 45. a5 Ke7 46. Bg8 Be2 47.
Bd5 g5 48. hxg5 hxg5 49. Bb7 Ke6 50. Kb6 Kd6 51. Bc8 Ke5 52. Bxa6 Bd1 53. Bb5 f4 54. gxf4+ gxf4 55. a6 Bc2 56. a7 Bd3 57. a8=Q 1-0

[Event "Early-Titled-Tuesday-Blitz-November-28-2023"]
[Site "Chess.com"]
[Date "2023.11.28"]
[Round "7"]
[White "IwkooO"]
[Black "Sychev_on_YouTube"]
[Result "1-0"]
[WhiteElo "2688"]
[BlackElo "2907"]
[TimeControl "180+1"]
[EndTime "9:25:44 PST"]
[Termination "IwkooO won on time"]

1. e4 e5 2. Nf3 Nc6 3. Bb5 a6 4. Ba4 f5 5. d3 fxe4 6. dxe4 Nf6 7. Nc3 Bb4 8. Bg5 Bxc3+ 9. bxc3 O-O 10. O-O d6 11.
Qd5+ Nxd5 12. Bxd8 Rxd8 13. Bb3 Ne7 14. exd5 h6 15.
Rfe1 Ng6 16. c4 b6 17. Ba4 Bf5 18. Nd2 Rf8 19. Nf1 Nf4 20. Ne3 Bg6 21. Rad1 Rf7 22. Rd2 Raf8 23. Bc6 Bh7 24. a4 a5 25. c5 dxc5 26.
Nc4 e4 27. d6 cxd6 28. g3 Rc7 29. Rxd6 Nh3+ 30. Kg2 Ng5 31. Bd5+ Kh8 32. Rxb6 Bf5 33. h4 Bh3+ 34. Kh1 Nh7 35. Kg1 Nf6 36. Be6 Bg4 37.
Ne5 Bxe6 38. Ng6+ Kg8 39. Nxf8 Bc8 40. Ne6 Bxe6 41. Rxe6 Kf7 42. Ra6 Rd7 43. Rxa5 c4 44. Rc5 Rd4 45. a5 Nd7 46. Rc7 Ke8 47. a6 Kd8 48. a7 Nb6 49. Rb7 1-0

[Event "Early-Titled-Tuesday-Blitz-November-28-2023"]
[Site "Chess.com"]
[Date "2023.11.28"]
[Round "7"]
[White "Witik"]
[Black "RodokininEV"]
[Result "0-1"]
[WhiteElo "2787"]
[BlackElo "2626"]
[TimeControl "180+1"]
[EndTime "9:25:45 PST"]
[Termination "RodokininEV won on time"]

1. e4 c5 2. d4 cxd4 3. c3 dxc3 4.
Nxc3 e6 5. Nf3 a6 6. Bc4 Nc6 7. O-O b5 8. Bb3 Bb7 9. Re1 Na5 10. Bf4 Ne7 11. Bd6 Nxb3 12. axb3 Ng6 13. Rc1 Bxd6 14. Qxd6 Qe7 15. Qb6 Bc6 16. Nd4 Qd8 17. Qc5 Ne7 18. Re3 O-O 19. Rd1 Rc8 20. Qh5 Qb6 21.
Rh3 h6 22. Rg3 Ng6 23. h4 Rfd8 24. Qg4 h5 25. Qxh5 Qc7 26. Nxc6 dxc6 27. Rxd8+ Rxd8 28. Qg5 Qe7 29. h5 Qxg5 30. Rxg5 Ne7 31. b4 Rd2 32. e5 Rxb2 33. h6 Ng6 34. hxg7 Kxg7 35. Ne4 Re2 36. f3 Rb2 37. Rh5 Rxb4 38. g3 Rxe4 39. fxe4 a5 40. Kf2 a4 41. Ke3 c5 42. Kd3 Ne7 43. Kc3 Nc6 44. g4 Nd4 45. Rg5+ Kf8 46. Rh5 Ke7 47. Rh8 b4+ 48. Kc4 b3 49. Rb8 a3 50. Kxc5 b2 51. Rb7+ Kf8 52. Kxd4 a2 0-1

[Event "Early-Titled-Tuesday-Blitz-November-28-2023"]
[Site "Chess.com"]
[Date "2023.11.28"]
[Round "7"]
[White "elohunter1999"]
[Black "ljuks68"]
[Result "1-0"]
[WhiteElo "2729"]
[BlackElo "2449"]
[TimeControl "180+1"]
[EndTime "9:25:46 PST"]
[Termination "elohunter1999 won by resignation"]

1. c4 c6 2. Nf3 d5 3. g3 Nf6 4.
Bg2 Bf5 5. Qb3 Qb6 6. d3 Qxb3 7. axb3 e6 8. Be3 a6 9. Bd4 Nbd7 10. Bc3 Bd6 11. b4 O-O 12. Nbd2 e5 13. c5 Bc7 14.
Nb3 d4 15. Bd2 Nd5 16. O-O h6 17. Na5 Rab8 18. Rfc1 Rfe8 19. Ne1 e4 20. dxe4 Bxe4 21.
Bf3 Bxf3 22. exf3 Ne5 23. f4 Ng4 24. h3 Ngf6 25. Nd3 Ne4 26. Be1 g5 27. f5 h5 28.
g4 hxg4 29. hxg4 Kg7 30. Nc4 Rh8 31. f3 Ng3 32. Bxg3 Bxg3 33. Kg2 Bc7 34. Rh1 Rxh1 35. Rxh1 Re8 36. Re1 Rxe1 37. Nxe1 Nxb4 38. Kf1 d3 39.
Kf2 Bf4 40. Ng2 Bc1 41. Nd6 d2 42. Ne3 Nd3+ 43. Ke2 Nxb2 44. Nxb7 Na4 45. Nd1 Kf6 46. Nd8 Nxc5 47. Nxc6 a5 48. Nxa5 Ke5 49. Nc4+ Kd4 50.
Nxd2 Bxd2 51. Kxd2 Nd3 52. Ne3 Ne5 53. Nc2+ Kc4 54.
Ke3 Kc3 55. Nd4 f6 56. Ke4 Nc4 57. Nc6 Nd2+ 58. Kd5 Nxf3 59. Ke6 Nh2 60. Kxf6 Nxg4+ 61. Kxg5 Ne3 62. f6 Nd5 63. f7 Nc7 64. Nd8 1-0

[Event "Early-Titled-Tuesday-Blitz-November-28-2023"]
[Site "Chess.com"]
[Date "2023.11.28"]
[Round "7"]
[White "Iskusnyh"]
[Black "Abund"]
[Result "0-1"]
[WhiteElo "2558"]
[BlackElo "2778"]
[TimeControl "180+1"]
[EndTime "9:25:46 PST"]
[Termination "Abund won on time"]

1. d4 Nf6 2. c4 e6 3. g3 d5 4. Bg2 dxc4 5. Nf3 c5 6. O-O Nc6 7. Na3 cxd4 8. Nxc4 Bc5 9. a3 a5 10. Bf4 Nd5 11. Rc1 Nxf4 12. gxf4 O-O 13. Qd3 Bd7 14.
Rfd1 Qe7 15. Nfe5 Rfc8 16. Nxd7 Qxd7 17. Qb3 Qc7 18. Qg3 g6 19. Bf3 Rab8 20. h4 b5 21. Ne5 Nxe5 22. fxe5 Qe7 23. h5 Kg7 24. Kg2 Bb6 25.
Qf4 g5 26. Qe4 h6 27. Rc6 Rxc6 28. Qxc6 Qc7 29. Rc1 Qxe5 30. Qd7 Rd8 31. Qb7 Rb8 32. Qc6 b4 33. a4 d3 34. exd3 Qxb2 35. Rf1 Qd4 36. Be4 Rd8 37. Qb7 Rd7 38. Qc8 Rc7 39. Qe8 Rc2 40. Bg6 Rxf2+ 41. Rxf2 Qxf2+ 42. Kh3 Qf3+ 43. Kh2 Qf2+ 44. Kh3 Qf1+ 45. Kg3 Bf2+ 46. Kf3 Bd4+ 47. Kg3 Qf2+ 0-1

[Event "Early-Titled-Tuesday-Blitz-November-28-2023"]
[Site "Chess.com"]
[Date "2023.11.28"]
[Round "7"]
[White "TimGrutter03"]
[Black "Qvalda"]
[Result "0-1"]
[WhiteElo "2565"]
[BlackElo "2436"]
[TimeControl "180+1"]
[EndTime "9:25:48 PST"]
[Termination "Qvalda won on time"]

1. b3 e5 2. Bb2 Nc6 3. e3 d5 4. Bb5 Ne7 5. Nf3 e4 6. Ne5 a6 7. Nxc6 Nxc6 8. Bxc6+ bxc6 9. d3 Qg5 10. Kf1 f5 11. h4 Qg6 12. h5 Qh6 13. Nc3 Bd6 14. Kg1 O-O 15. dxe4 fxe4 16. Qd4 Be6 17. Na4 Rf7 18.
Nc5 Bxc5 19. Qxc5 Raf8 20. Rf1 Bg4 21. Qd4 Be2 22. Ba3 Bxf1 23. Bxf8 Be2 24. Bb4 Qg5 25.
h6 Bf3 26. Rh2 gxh6 27. Bc3 Kf8 28. Qh8+ Ke7 29. Bb4+ Kd7 30. Bc3 Qg6 31. Qd4 Bg4 32. Qe5 Be6 33. Be1 Rf5 34. Qd4 Qf6 35. Qxf6 Rxf6 36.
f3 Rg6 37. g4 exf3 38. Kf2 Rxg4 39. Kxf3 Rg6 40. Bg3 Rf6+ 41. Bf4 Bf5 42. c3 Be4+ 43. Kf2 Bg6 44. Rxh6 c5 45. Rh4 Kc6 46. Ke1 a5 47.
Kd2 Re6 48. Rh2 a4 49. bxa4 Re4 50. a5 Ra4 51. Kc1 Rxa5 52. Kb2 Rb5+ 53. Ka3 Rb8 54. Rf2 Kb5 55. Bg3 Kc4 0-1

[Event "Early-Titled-Tuesday-Blitz-November-28-2023"]
[Site "Chess.com"]
[Date "2023.11.28"]
[Round "7"]
[White "HajiyevKanan"]
[Black "marvinguevara"]
[Result "1/2-1/2"]
[WhiteElo "2498"]
[BlackElo "2185"]
[TimeControl "180+1"]
[EndTime "9:25:48 PST"]
[Termination "Game drawn by repetition"]

1. b3 e5 2. Bb2 Nc6 3. Nf3 d6 4. d4 exd4 5. Nxd4 Nf6 6. e3 Be7 7. Bb5 Bd7 8. O-O Nxd4 9. Bxd7+ Qxd7 10. Qxd4 O-O 11. c4 c5 12. Qd3 d5 13. Rd1 Rfd8 14. cxd5 Qxd5 15. Qxd5 Nxd5 16. Nc3 Nb4 17. Ne4 f5 18. Nc3 Bf6 19. Na4 Bxb2 20. Nxb2 Kf7 21. Nc4 Ke6 22. a3 Nd5 23. Kf1 Nc3 24. Rxd8 Rxd8 25. Rc1 Ne4 26. f3 Nd2+ 27. Ke2 Nxc4 28. Rxc4 b6 29. h4 Kd5 30. Rc1 Kc6 31. h5 Rd6 32. g4 fxg4 33. fxg4 b5 34. e4 Rf6 35. Ke3 a5 36. e5 Re6 37. Ke4 Re8 38. g5 Rd8 39. e6 Rd4+ 40. Kf5 Kd6 41. Re1 Rd5+ 42. Kf4 Ke7 43. Re3 h6 44. gxh6 gxh6 45. Kg4 Rg5+ 46. Kh4 Rg8 47. Kh3 Rg5 48. Kh4 Rg8 49. Re5 Kd6 50. Re3 Re8 51. Kg4 Rxe6 52. Rd3+ Ke7 53. Kf5 Rf6+ 54. Ke5 Re6+ 55. Kf5 Rf6+ 56. Ke5 Re6+ 57.
Kf5 1/2-1/2

[Event "Early-Titled-Tuesday-Blitz-November-28-2023"]
[Site "Chess.com"]
[Date "2023.11.28"]
[Round "7"]
[White "FoxOnTheRun97"]
[Black "Byniolus"]
[Result "1-0"]
[WhiteElo "2586"]
[BlackElo "2788"]
[TimeControl "180+1"]
[EndTime "9:25:50 PST"]
[Termination "FoxOnTheRun97 won on time"]

1. d4 d6 2. c4 e5 3. g3 exd4 4. Qxd4 Nc6 5. Qe3+ Be7 6. Bg2 Nf6 7. b3 Ng4 8. Qd2 Bf6 9. Bb2 O-O 10. Nf3 Re8 11.
O-O Bf5 12. Nc3 h6 13. Rfe1 a5 14. Nd5 Bxb2 15. Qxb2 Be4 16. h3 Nge5 17. Nxe5 Rxe5 18. e3 Qd7 19. Nf4 Bxg2 20. Kxg2 Nb4 21. Rad1 Qc6+ 22.
Kg1 Na6 23. Rd5 Rae8 24. Red1 Nc5 25. Rxe5 dxe5 26. Nd3 Rd8 27. Qe2 Nxd3 28. Rxd3 Rd6 29. Qd2 f6 30. Rxd6 Qxd6 31. Qxa5 Kh7 32. Qc3 h5 33.
Qc2+ g6 34. h4 Qe6 35. Qe4 c6 36. Qd3 Kh6 37. Qd8 Kh7 38. Qc7+ Kh6 39. Qxb7 Qd6 40. Qc8 g5 41. Qh8+ Kg6 42. Qe8+ Kh6 43. hxg5+ fxg5 44. Kg2 g4 45. Qf7 c5 46. Qf5 Qc6+ 47. e4 Qd6 48. a4 Qd3 49. a5 Qxb3 50. a6 Qa2 51. Qf6+ Kh7 52. Qe7+ Kh6 53. Qd6+ Kh7 54. Qc7+ Kh6 55. a7 1-0

[Event "Early-Titled-Tuesday-Blitz-November-28-2023"]
[Site "Chess.com"]
[Date "2023.11.28"]
[Round "7"]
[White "Maxfan2008"]
[Black "Sulthankan"]
[Result "0-1"]
[WhiteElo "2537"]
[BlackElo "2373"]
[TimeControl "180+1"]
[EndTime "9:25:50 PST"]
[Termination "Sulthankan won on time"]

1. d4 Nf6 2. c4 g6 3. Nf3 Bg7 4. g3 O-O 5. Bg2 d5 6. cxd5 Nxd5 7. O-O Nc6 8. e4 Nb6 9. d5 Na5 10. Nc3 c6 11. Bf4 cxd5 12. Nxd5 Nxd5 13. exd5 Bf5 14.
Nd4 Bd7 15. Rc1 Rc8 16. Qd3 Qb6 17. Be3 Qxb2 18. Rb1 Qxa2 19. Ra1 Qc4 20. Qa3 Bxd4 21. Bxd4 Qxd4 22. Qxa5 a6 23. Rad1 Qf6 24. Qb4 Bb5 25. Rfe1 Rc2 26. f4 Qb6+ 27. Qd4 Qd6 28. h4 Rfc8 29.
h5 Be2 30. h6 f6 31. Rd2 Bg4 32. Rxc2 Rxc2 33. Qa7 Kf7 34. Qd4 Qc5 35. Qxc5 Rxc5 36. Rb1 b5 37. Ra1 Bc8 38. Ra5 Bb7 39. d6 exd6 40.
Bxb7 b4 41. Rxc5 dxc5 42. Bxa6 g5 43. Bc4+ Kg6 44. Kf2 gxf4 45. gxf4 Kxh6 46. Kf3 Kg6 47. Kg4 h5+ 48. Kh4 Kf5 49. Kxh5 Kxf4 50. Kg6 Ke5 51. Bd3 Kd4 52. Bb1 c4 53. Kxf6 b3 54. Ke6 c3 55.
Ba2 bxa2 0-1

[Event "Early-Titled-Tuesday-Blitz-November-28-2023"]
[Site "Chess.com"]
[Date "2023.11.28"]
[Round "7"]
[White "BarloNadera"]
[Black "ElVital"]
[Result "1-0"]
[WhiteElo "2140"]
[BlackElo "2342"]
[TimeControl "180+1"]
[EndTime "9:25:50 PST"]
[Termination "BarloNadera won on time"]

1. d4 f5 2. g3 e6 3. Bg2 Nf6 4. c4 d5 5. Nc3 Ne4 6. Qb3 Nc6 7.
e3 Nb4 8. Bf1 c6 9. a3 Na6 10. Nf3 Be7 11. Ne5 Nc7 12. f3 Nxc3 13. bxc3 O-O 14. Bg2 Qe8 15. O-O Bd6 16. Nd3 dxc4 17.
Qxc4 Kh8 18. e4 b6 19. Qa2 Ba6 20. Rd1 fxe4 21. fxe4 e5 22. Nb4 Bb7 23. Be3 a5 24.
Nd3 exd4 25. cxd4 Nb5 26. Qb2 a4 27. e5 Be7 28. d5 cxd5 29. Bxb6 Rb8 30. Nf4 Bc6 31.
Bf2 Nxa3 32. Qc3 Nc4 33. Nxd5 Bxd5 34. Bxd5 Nb2 35. Rdb1 a3 36. Bd4 Rc8 37. Qe3 Qg6 38. Be4 Qh5 39. Rf1 Nc4 40. Qd3 Nxe5 41. Qd2 Rfd8 42.
Qe3 Rxd4 43. Qxd4 Bc5 44. Qxc5 Nf3+ 45. Rxf3 Qxc5+ 46. Kg2 Qe5 47. Re1 a2 48. Ra3 1-0

[Event "Early-Titled-Tuesday-Blitz-November-28-2023"]
[Site "Chess.com"]
[Date "2023.11.28"]
[Round "7"]
[White "chess_blitz00"]
[Black "LeoWin2012"]
[Result "1-0"]
[WhiteElo "2485"]
[BlackElo "2257"]
[TimeControl "180+1"]
[EndTime "9:25:52 PST"]
[Termination "chess_blitz00 won by checkmate"]

1. d4 Nf6 2. Nc3 d5 3. Bf4 Bf5 4. Nf3 e6 5. Nb5 Na6 6. a4 c6 7. Na3 Ne4 8. c3 Qa5 9. Bd2 Qb6 10. b4 Nxd2 11. Nxd2 Be7 12. e3 O-O 13. a5 Qd8 14. Bxa6 bxa6 15. Nb3 Qc8 16. O-O Kh8 17. Re1 g5 18. f3 h5 19. e4 Bg6 20. e5 Kg7 21. Nc2 Rh8 22. Nc5 Bxc5 23. dxc5 Qd8 24. Nd4 Qe8 25.
Qd2 g4 26. fxg4 hxg4 27. Qf4 Rh5 28. Qxg4 Qh8 29. Qf4 Kg8 30. h3 Rh4 31. Qg3 Qh6 32. Ra2 Kh7 33. Rf2 Rg8 34. Qe3 Qh5 35. Qf3 Qh6 36. Kh2 Bh5 37. Qe3 Qg6 38. Rg1 Re4 39. Qd2 Rxe5 40. Rf4 Rg5 41. Qf2 e5 42. Rf6 Qg7 43.
Nxc6 e4 44. Ne7 Bg6 45. Nxg8 Qxg8 46. Rf4 Rh5 47. Qg3 Rh6 48. Rgf1 Qg7 49. Rf6 Qg8 50.
c6 Rh5 51. c7 Rg5 52. Qxg5 Qc8 53. Rxf7+ Kh8 54. Qh6+ Kg8 55. Qg7# 1-0

[Event "Early-Titled-Tuesday-Blitz-November-28-2023"]
[Site "Chess.com"]
[Date "2023.11.28"]
[Round "7"]
[White "sergiochess83"]
[Black "luckyswitchback"]
[Result "0-1"]
[WhiteElo "2877"]
[BlackElo "2798"]
[TimeControl "180+1"]
[EndTime "9:25:53 PST"]
[Termination "luckyswitchback won on time"]

1. d4 Nf6 2. c4 e6 3. g3 d5 4. Bg2 dxc4 5. Nf3 a6 6. O-O Nc6 7.
Bg5 Be7 8. e3 Bd7 9. Nfd2 b5 10.
b3 cxb3 11. Nxb3 Rb8 12. N1d2 h6 13. Bxf6 gxf6 14. Qh5 Rb6 15. Ne4 a5 16. Rfc1 a4 17.
Nbc5 Bc8 18. Rab1 f5 19. Nc3 Na7 20. Nxb5 Nxb5 21. Rxb5 Rxb5 22. Bc6+ Kf8 23. Bxb5 a3 24. Qf3 Kg7 25. Qa8 h5 26. Qxa3 h4 27. Bc6 hxg3 28. hxg3 Bd6 29. Bg2 e5 30. dxe5 Bxe5 31. Nd3 Bf6 32.
Nf4 Qd2 33. Qc5 Ba6 34. Bf3 Rh6 35. Qxc7 Bg5 36. Qc3+ Qxc3 37. Rxc3 Rb6 38. Rb3 Rd6 39. Rb2 Bc4 40. Be2 Be6 41. a4 Rc6 42. Nxe6+ fxe6 43. Ra2 Rc1+ 44. Kg2 Be7 45. a5 Bc5 46. a6 Ba7 47. Rb2 Rc7 48. Rb7 Rxb7 49. axb7 Kf6 50. f4 e5 0-1